 Dungeon Crawl Stone Soup version 0.28.0-1-gb440e238dd (webtiles) character file.

Game seed: 17779760949251142921

3374 PoweredByGinger the Cleaver (level 9, 0/83 HPs)
             Began as a Minotaur Fighter on Feb 20, 2022.
             Was an Elder of Okawaru.
             Slain by a death yak (19 damage)
             ... on level 7 of the Dungeon.
             The game lasted 00:10:14 (7871 turns).

PoweredByGinger the Cleaver (Minotaur Fighter)      Turns: 7871, Time: 00:10:15

Health: 0/83       AC: 10    Str: 25    XL:     9   Next: 74%
Magic:  10/10      EV: 10    Int:  5    God:    Okawaru [****..]
Gold:   51         SH:  0    Dex: 10    Spells: 8/8 levels left

rFire   . . .      SeeInvis .   a - +0 war axe
rCold   . . .      Faith    .   (no shield)
rNeg    + . .      Spirit   .   A - +1 ring mail "Wukism" {rN+}
rPois   +          Reflect  .   (helmet restricted)
rElec   .          Harm     .   (no cloak)
rCorr   .          Rampage  .   (no gloves)
Will    .....                   (no boots)
Stlth   ..........              k - amulet of regeneration
HPRegen 1.03/turn               x - +4 ring of protection
MPRegen 0.12/turn               u - ring of poison resistance

@: no status effects
A: horns 2, retaliatory headbutt
a: Renounce Religion, Heroism, Finesse


You were on level 7 of the Dungeon.
You worshipped Okawaru.
Okawaru was greatly pleased with you.
You visited 2 branches of the dungeon, and saw 9 of its levels.

You collected 425 gold pieces.
You spent 374 gold pieces at shops.

Inventory:

Hand Weapons
 a - a +0 war axe (weapon)
 b - a +2 vampiric whip
Missiles
 h - 118 arrows
 j - a boomerang of dispersal
 t - 4 silver javelins (quivered)
 D - 5 throwing nets
 J - 4 boomerangs
Armour
 c - a +0 buckler
 A - the +1 ring mail "Wukism" (worn) {rN+}
   (You found it on level 5 of the Dungeon)

   rN:        It protects you from negative energy.
Jewellery
 k - an amulet of regeneration (around neck)
 m - an amulet of reflection
 r - an amulet of the acrobat
 u - a ring of poison resistance (right hand)
 x - a +4 ring of protection (left hand)
 B - a ring of willpower
Wands
 d - a wand of paralysis (15)
 v - a wand of digging (3)
 E - a wand of flame (10)
 G - a wand of acid (8)
Scrolls
 e - 2 scrolls of magic mapping
 f - 3 scrolls of teleportation
 g - a scroll of brand weapon {unknown}
 i - a scroll of blinking
 o - 2 scrolls of enchant armour
 p - a scroll of fear
 w - 3 scrolls of amnesia
 y - 2 scrolls of fog
 z - a scroll of noise
 H - a scroll of silence
Potions
 l - 2 potions of curing
 n - a potion of cancellation
 q - a potion of mutation
 C - 2 potions of haste
 F - a potion of attraction
 I - a potion of heal wounds


   Skills:
 + Level 9.0 Fighting
 * Level 13.7 Axes
 - Level 3.6 Armour
 - Level 3.7 Shields
 + Level 3.4 Invocations


You had 8 spell levels left.
You didn't know any spells.
Your spell library contained the following spells:

 Spells                   Type           Power      Damage    Failure   Level
 Slow                     Hex            0%         N/A       63%         1
 Sting                    Tmut/Pois      0%         1d3       63%         1
 Poisonous Vapours        Pois/Air       0%         N/A       77%         2
 Sublimation of Blood     Necr           0%         N/A       77%         2
 Wereblood                Tmut           0%         N/A       77%         2
 Confusing Touch          Hex            0%         N/A       94%         3
 Gell's Gravitas          Tloc           0%         N/A       94%         3
 Lesser Beckoning         Tloc           0%         N/A       94%         3
 Stone Arrow              Conj/Erth      0%         3d7       94%         3
 Teleport Other           Tloc           0%         N/A       94%         3
 Vampiric Draining        Necr           0%         2d6       94%         3
 Olgreb's Toxic Radiance  Pois           0%         N/A       100%        4
 Lehudib's Crystal Spear  Conj/Erth      0%         10d2      100%        8
 Animate Armour           Summ/Erth      Unusable   N/A       N/A         4
 Summon Hydra             Summ           Unusable   N/A       N/A         7

Dungeon Overview and Level Annotations

Branches:
Dungeon (8/15)             Temple (1/1) D:4
   Lair: D:8-11

Altars:
Ashenzari
Cheibriados
Dithmenos
Elyvilon
Fedhas
Gozag
Hepliaklqana
Kikubaaqudgha
Makhleb
Nemelex Xobeh
Okawaru
Qazlal
Ru
Sif Muna
Trog
Uskayaw
Vehumet
Wu Jian
Xom
Zin
The Shining One

Shops:
D:2 !?


Innate Abilities, Weirdness & Mutations

You have a pair of horns on your head.
You reflexively headbutt those who attack you in melee.


Message History

Okay, then.
You barely miss the death yak.
The death yak is heavily wounded.
The death yak gores you but does no damage.
You hit the death yak but do no damage.
The death yak is heavily wounded.
You barely miss the death yak.
You headbutt the death yak, but do no damage.
The death yak is heavily wounded.
The death yak gores you.
You slash the death yak!
You headbutt the death yak, but do no damage.
The death yak is severely wounded.
The death yak gores you!
* * * LOW HITPOINT WARNING * * *
You feel much better. The death yak barely misses you.
You hit the death yak but do no damage. You headbutt the death yak!
The death yak is almost dead.
The death yak barely misses you. You furiously retaliate!
You headbutt the death yak. You barely miss the death yak.
The death yak is almost dead.
The death yak gores you!
You hit the death yak but do no damage.
The death yak is almost dead.
The death yak gores you.
* * * LOW HITPOINT WARNING * * *
You hit the death yak but do no damage.
The death yak is almost dead.
You barely miss the death yak.
The death yak is almost dead.
The death yak barely misses you.
You hit the death yak but do no damage.
The death yak is almost dead.
The death yak gores you.
* * * LOW HITPOINT WARNING * * *
You slash the death yak! You headbutt the death yak.
The death yak is almost dead.
The death yak gores you!!
You die...

#... #... #...
#... #...
########### #...
#..)......# #...
#.#######.#####...
#@##..............
#Y......#.########
####>............#
####.########.#
#.# #.# ##########
#.########.#
#).......#
#.#......#..
#.######.#
#.#......##. #.#
####.#
#.#......##.


You could see a death yak.

Vanquished Creatures
  A hydra (D:7)
  Harold (D:7)
  Sigmund (D:3)
  A sky beast (D:7)
  3 ogres
  A black bear (D:6)
  A centaur (D:7)
  A phantom (D:6)
  Blork the orc (D:5)
  A gnoll sergeant (D:6)
  2 scorpions
  A water moccasin skeleton (D:5)
  A jelly (D:5)
  A howler monkey (D:6)
  2 hounds
  2 gnoll shamans (D:5)
  7 orc priests
  2 bullfrog skeletons
  An iguana (D:6)
  A scorpion zombie (D:5)
  8 orc wizards
  A hound zombie (D:5)
  A howler monkey zombie (D:5)
  16 gnolls
  A howler monkey skeleton (D:6)
  6 adders
  4 white imps
  An ufetubus (D:6)
  A worm (D:2)
  A dart slug (D:4)
  28 orcs
  5 ball pythons
  4 bats
  10 endoplasms
  3 giant cockroaches
  6 goblins
  11 hobgoblins
  7 kobolds
  5 quokkas
  3 frilled lizards
  3 rats
157 creatures vanquished.

Vanquished Creatures (others)
  An orc wizard (D:7)
  A plant (Temple)
2 creatures vanquished.

Grand Total: 159 creatures vanquished

Notes
Turn   | Place    | Note
-------+----------+-------------------------------------------
     0 | D:1      | PoweredByGinger the Minotaur Fighter began the quest for
                  | the Orb.
     0 | D:1      | Reached XP level 1. HP: 19/19 MP: 0/0
   211 | D:1      | Reached skill level 3 in Axes
   225 | D:1      | Reached XP level 2. HP: 26/26 MP: 1/1
   475 | D:1      | Found a faded altar of an unknown god.
   940 | D:1      | Reached skill level 4 in Axes
   940 | D:1      | Reached XP level 3. HP: 21/31 MP: 2/2
  1165 | D:2      | Reached skill level 5 in Axes
  1165 | D:2      | Reached XP level 4. HP: 34/39 MP: 3/3
  1178 | D:2      | Found Homeotsi's Distillery.
  1194 | D:2      | Bought a potion of curing for 33 gold pieces
  1441 | D:2      | Found an opulent altar of Gozag.
  1446 | D:2      | Found Borchewi's Magic Scroll Shoppe.
  1450 | D:2      | Bought a scroll of fear for 42 gold pieces
  1591 | D:3      | Reached skill level 6 in Axes
  1823 | D:3      | Reached XP level 5. HP: 21/45 MP: 4/4
  2192 | D:3      | Noticed Sigmund
  2607 | D:3      | Killed Sigmund
  2608 | D:3      | Reached skill level 8 in Axes
  2608 | D:3      | Reached XP level 6. HP: 45/51 MP: 5/5
  2895 | D:3      | HP: 1/51 [gnoll (5)]
  3416 | D:2      | Bought a potion of berserk rage for 55 gold pieces
  3798 | D:4      | Found a staircase to the Ecumenical Temple.
  3810 | Temple   | Entered the Ecumenical Temple
  3983 | Temple   | Became a worshipper of Warmaster Okawaru
  4085 | D:4      | Reached skill level 9 in Axes
  4406 | D:5      | Entered Level 5 of the Dungeon
  4467 | D:5      | Reached XP level 7. HP: 57/57 MP: 6/6
  4799 | D:5      | Reached * piety under Okawaru
  4899 | D:5      | Reached skill level 10 in Axes
  5028 | D:5      | Identified the +1 ring mail "Wukism" {rN+}
  5029 | D:5      | Noticed Blork the orc
  5036 | D:5      | Killed Blork the orc
  5314 | D:5      | Reached XP level 8. HP: 67/67 MP: 7/7
  5321 | D:5      | Reached skill level 5 in Fighting
  5321 | D:5      | Reached skill level 11 in Axes
  5601 | D:6      | Reached ** piety under Okawaru
  5754 | D:6      | Reached skill level 12 in Axes
  6280 | D:7      | Identified the +8 dagger of the Sea {venom, SInv}
  6355 | D:7      | Reached XP level 9. HP: 58/80 MP: 8/8
  6481 | D:7      | Reached *** piety under Okawaru
  6498 | D:7      | Noticed Harold
  6511 | D:7      | Killed Harold
  6512 | D:7      | Reached skill level 13 in Axes
  6680 | D:7      | Noticed a five-headed hydra
  6865 | D:2      | Bought a potion of haste for 110 gold pieces
  6865 | D:2      | Bought a potion of heal wounds for 55 gold pieces
  6865 | D:2      | Bought a potion of heal wounds for 55 gold pieces
  6901 | D:2      | Bought a scroll of identify for 24 gold pieces
  7621 | D:7      | Killed a five-headed hydra
  7621 | D:7      | Reached **** piety under Okawaru
  7844 | D:8      | Noticed a death yak
  7854 | D:8      | Noticed a death yak
  7856 | D:8      | Noticed a death yak
  7857 | D:8      | Noticed a death yak
  7871 | D:7      | Slain by a death yak

Illustrated notes

Levels and vault maps discovered:
D:1:      amcnicky_arrival_gap_in_the_tavern_cellar, layout_loops_corners,
          shapermc_ecumenical_altar_ellora
D:2:      layout_rooms, basic_altar, serial_shops, nicolae_shop_crystal,
          nicolae_shop_hallway_stairs, minmay_misc_feat_secret_circle
D:3:      layout_loops_ring, nicolae_figureground_sparkle, uniq_sigmund
D:4:      layout_basic, minmay_temple_entry_mist
D:5:      layout_rooms, kennysheep_generic_room_6, uniq_blork_the_orc
D:6:      layout_basic
D:7:      layout_basic, uniq_harold
D:8:      layout_cave_pools, dpeg_lair_monsters
Temple:   kilobyte_greek_temple

Skill      XL: |  1  2  3  4  5  6  7  8  9 |
---------------+----------------------------+-----
Axes           | 3 4 5 6 8 9 10 12 13 | 13.7
Fighting       | 4 7 9 |  9.0
Invocations    | 3 |  3.4
Armour         | |  3.6
Shields        | |  3.7

Action                   |  1- 3 |  4- 6 |  7- 9 || total
-------------------------+-------+-------+-------++-------
Melee: War axe           |    48 |   144 |   222 ||   414
       Headbutt          |     7 |    20 |    32 ||    59
       Punch             |     1 |     5 |     3 ||     9
       Whip              |       |       |    13 ||    13
Evoke: Wand              |       |       |     2 ||     2
  Use: Potion            |       |     2 |     5 ||     7
       Scroll            |       |       |    13 ||    13
Armor: Scale mail        |    28 |    54 |    19 ||   101
       Ring mail         |       |       |    63 ||    63
       Skin              |       |       |    24 ||    24
Dodge: Dodged            |    25 |    70 |    95 ||   190
